cohdb
Replays
Latest Replays
All Replays
Popular Replays
Top Player Replays
Match Explorer
How It Works
Community
CoH3 Stats
Reddit
Sign in to upload your games and track your stats! →
Sign in with Steam
Match 45183245
Unlisted
Match 45183245
Overview
Messages
Build Orders
End
Construct Barracks
Selects Advanced Infantry Battlegroup
Riflemen Squad
Riflemen Squad
Riflemen Squad
Grenade Package
Construct Medical Station
Selects Convert to Ranger Squad
Convert to Ranger Squad
Infantry Support Center
Construct Weapon Support Center
M1919 Machine Gun Team
Selects Frontline Medical Station
Convert to Ranger Squad
Frontline Medical Station
Construct Motor Pool
Construct Tank Depot
Convert to Ranger Squad
Selects Infantry Assault
Infantry Assault
AI Takeover
k.twenty CZ
Hurricane
pagep
7k this year for sure
0
0
Comments
sign in to comment!
No comments posted yet!